[Event "Kragero Resort Chess A 2019"]
[Site "Kragero"]
[Date "2019.02.23"]
[Round "7.16"]
[White "Wedda, Dries"]
[Black "Gharibyan, Mamikon"]
[Result "0-1"]
[ECO "E15"]
[WhiteElo "2173"]
[BlackElo "2318"]
[Annotator "NA"]
[PlyCount "60"]
[EventDate "2019.02.20"]
[EventType "swiss"]
[EventCountry "NOR"]
[SourceTitle "playchess.com"]
[Source "ChessBase"]
[SourceQuality "1"]
[TimeControl "5400+30"]

1. d4 Nf6 2. c4 e6 3. g3 d5 4. Nf3 Bb4+ 5. Bd2 Be7 6. Bg2 O-O 7. O-O c6 8. Bc3 b6 9. Nbd2 Nbd7 10. Qc2 Ba6 11. b3 c5 12. Qb2 Rc8 13. Rac1 dxc4 14. bxc4 Qc7 15. Rfe1 cxd4 16. Nxd4 Bb7 17. e4 Nc5 18. Qb1 Rfd8 19. N2b3 Qb8 20. Nxc5 Bxc5 21. Qb2 Ng4 22. e5 Bxg2 23. Kxg2 Nxe5 24. Rxe5 Qxe5 25. Nf3 Qe4 26. Re1 Qg6 27. Ne5 Qf5 28. f3 f6 29. Ng4 Rd3 30. Rf1 h5 0-1

[Event "Kragero Resort Chess A 2019"]
[Site "Kragero"]
[Date "2019.02.23"]
[Round "7.17"]
[White "Flasen, Aleksander"]
[Black "Fossum, Oystein Boyum"]
[Result "0-1"]
[ECO "B31"]
[WhiteElo "2036"]
[BlackElo "2250"]
[Annotator "NA"]
[PlyCount "70"]
[EventDate "2019.02.20"]
[EventType "swiss"]
[EventCountry "NOR"]
[SourceTitle "playchess.com"]
[Source "ChessBase"]
[SourceQuality "1"]
[TimeControl "5400+30"]

1. e4 c5 2. Nf3 Nc6 3. Bb5 g6 4. O-O Bg7 5. Re1 e5 6. Bxc6 dxc6 7. d3 Qe7 8. h3 Nf6 9. Bg5 h6 10. Bxf6 Bxf6 11. a4 h5 12. Nbd2 g5 13. Nh2 Be6 14. Ndf1 O-O-O 15. Ne3 c4 16. Qe2 cxd3 17. cxd3 Qd7 18. Red1 Bb3 19. Rd2 Be7 20. d4 exd4 21. Nf5 Bc5 22. Qd3 Bb4 23. Re2 Be6 24. Nf3 g4 25. hxg4 hxg4 26. Ne5 Qc7 27. Nxg4 Bxf5 28. exf5 Rh4 29. f3 Qg3 30. f6 Rdh8 31. Nf2 Rh2 32. Qf5+ Kd8 33. Re8+ Rxe8 34. Qg4 Rxg2+ 35. Kh1 Rh2# 0-1

[Event "Kragero Resort Chess A 2019"]
[Site "Kragero"]
[Date "2019.02.23"]
[Round "7.18"]
[White "Abdrlauf, Elham"]
[Black "Hobber, Anders"]
[Result "0-1"]
[ECO "C01"]
[WhiteElo "2105"]
[BlackElo "2312"]
[Annotator "NA"]
[PlyCount "104"]
[EventDate "2019.02.20"]
[EventType "swiss"]
[EventCountry "NOR"]
[SourceTitle "playchess.com"]
[Source "ChessBase"]
[SourceQuality "1"]
[TimeControl "5400+30"]

1. e4 e6 2. d4 d5 3. exd5 exd5 4. Nf3 Nc6 5. Bb5 Bd6 6. O-O Nge7 7. Re1 O-O 8. Bg5 f6 9. Bh4 Bg4 10. c3 Nf5 11. Bg3 Nxg3 12. hxg3 Ne7 13. Nbd2 c6 14. Bd3 Qd7 15. Qc2 g6 16. Nf1 Rae8 17. Ne3 Be6 18. b4 Nc8 19. Nh4 Bf7 20. f4 Bc7 21. Re2 Nd6 22. Rae1 Ne4 23. Bxe4 dxe4 24. Rf1 f5 25. g4 fxg4 26. g3 Be6 27. Ref2 Bf5 28. Rd2 Qf7 29. Nhxf5 gxf5 30. c4 Re6 31. c5 Rh6 32. Qc4 Qxc4 33. Nxc4 Rh3 34. Kg2 Rf6 35. Rh1 Rxh1 36. Kxh1 Kf7 37. d5 cxd5 38. Rxd5 Ke6 39. Ne3 h5 40. Rd1 Rf7 41. b5 h4 42. Nd5 hxg3 43. Kg2 Bb8 44. c6 bxc6 45. bxc6 Rh7 46. Kxg3 Bd6 47. Kg2 Rh8 48. Nc3 Bxf4 49. Nb5 Rh2+ 50. Kg1 g3 51. c7 Be3+ 52. Kf1 g2+ 0-1

[Event "Kragero Resort Chess A 2019"]
[Site "Kragero"]
[Date "2019.02.23"]
[Round "7.19"]
[White "Birkisson, Bjorn Holm"]
[Black "Lund, Gunnar"]
[Result "0-1"]
[ECO "D02"]
[WhiteElo "2078"]
[BlackElo "2211"]
[Annotator "NA"]
[PlyCount "60"]
[EventDate "2019.02.20"]
[EventType "swiss"]
[EventCountry "NOR"]
[SourceTitle "playchess.com"]
[Source "ChessBase"]
[SourceQuality "1"]
[TimeControl "5400+30"]

1. d4 Nf6 2. Bf4 d5 3. e3 c5 4. c3 Nc6 5. Nd2 e6 6. Ngf3 cxd4 7. exd4 Nh5 8. Bg5 f6 9. g4 fxg5 10. gxh5 Bd6 11. Rg1 O-O 12. Bd3 g4 13. Rxg4 e5 14. Rg1 e4 15. Nxe4 dxe4 16. Bxe4 Qe7 17. Qd3 Bf5 18. Nd2 Bf4 19. Kd1 Bxe4 20. Nxe4 Rae8 21. f3 Qh4 22. Qe2 Kh8 23. Kc2 Qxh5 24. Rg2 Bh6 25. Rf1 Qf5 26. Rg4 Ne7 27. c4 b5 28. c5 Nd5 29. Qf2 Ne3+ 30. Kc3 b4+ 0-1

[Event "Kragero Resort Chess A 2019"]
[Site "Kragero"]
[Date "2019.02.23"]
[Round "7.20"]
[White "Kazarian, Anna-Maja"]
[Black "Fossan, Aleksander"]
[Result "1/2-1/2"]
[ECO "B27"]
[WhiteElo "2189"]
[BlackElo "2040"]
[Annotator "NA"]
[PlyCount "72"]
[EventDate "2019.02.20"]
[EventType "swiss"]
[EventCountry "NOR"]
[SourceTitle "playchess.com"]
[Source "ChessBase"]
[SourceQuality "1"]
[TimeControl "5400+30"]

1. e4 c5 2. Nf3 g6 3. d4 cxd4 4. Qxd4 Nf6 5. Nc3 Nc6 6. Qa4 d6 7. e5 dxe5 8. Nxe5 Bd7 9. Nxd7 Qxd7 10. Be3 Bg7 11. Rd1 Qc8 12. Be2 O-O 13. O-O a6 14. Rfe1 b5 15. Qh4 Qc7 16. a4 b4 17. Nd5 Nxd5 18. Rxd5 Rfd8 19. Rc5 Qd6 20. Bf3 Nd4 21. Bxd4 Qxd4 22. Qxd4 Bxd4 23. Rc7 Rac8 24. Rexe7 Rxc7 25. Rxc7 Bxb2 26. Be2 Rd2 27. Bxa6 Bd4 28. g3 Rxf2 29. Kh1 Bc3 30. Bd3 Rd2 31. a5 b3 32. cxb3 Rxd3 33. a6 Bd4 34. Rd7 Rxb3 35. Rxd4 Ra3 36. Rd6 Ra2 1/2-1/2

[Event "Kragero Resort Chess A 2019"]
[Site "Kragero"]
[Date "2019.02.23"]
[Round "7.21"]
[White "Holleland, Sigve"]
[Black "Skotheim, Andreas"]
[Result "0-1"]
[ECO "A18"]
[WhiteElo "2009"]
[BlackElo "2168"]
[Annotator "NA"]
[PlyCount "82"]
[EventDate "2019.02.20"]
[EventType "swiss"]
[EventCountry "NOR"]
[SourceTitle "playchess.com"]
[Source "ChessBase"]
[SourceQuality "1"]
[TimeControl "5400+30"]

1. c4 Nf6 2. Nc3 e6 3. e4 d5 4. cxd5 exd5 5. e5 d4 6. exf6 dxc3 7. Bb5+ Nc6 8. Qe2+ Be6 9. Bxc6+ bxc6 10. dxc3 Qd5 11. Nf3 gxf6 12. Bf4 Bd6 13. Bg3 c5 14. O-O Qc6 15. b4 O-O 16. b5 Qb7 17. Bh4 Kg7 18. c4 Rg8 19. Qb2 Be7 20. Nd2 Rad8 21. f3 Qb6 22. Rad1 Qd6 23. Ne4 Qf4 24. Bg3 Qf5 25. Qc3 Rc8 26. Rfe1 Rgd8 27. a4 h5 28. Kf2 Qg6 29. Bh4 Bf5 30. Ng3 Be6 31. f4 Rxd1 32. Rxd1 Qg4 33. Re1 Qxf4+ 34. Qf3 Qxh4 35. Re4 Bg4 36. Qd3 Bd6 37. Qd5 Bxg3+ 38. hxg3 Qg5 39. Qb7 Rd8 40. Qxc7 Qd2+ 41. Kg1 Qc1+ 0-1

[Event "Kragero Resort Chess A 2019"]
[Site "Kragero"]
[Date "2019.02.23"]
[Round "7.22"]
[White "Gonzalez, Francisco Silva"]
[Black "Shehzad, Shazil"]
[Result "1-0"]
[ECO "A57"]
[WhiteElo "2142"]
[BlackElo "1959"]
[Annotator "NA"]
[PlyCount "73"]
[EventDate "2019.02.20"]
[EventType "swiss"]
[EventCountry "NOR"]
[SourceTitle "playchess.com"]
[Source "ChessBase"]
[SourceQuality "1"]
[TimeControl "5400+30"]

1. d4 Nf6 2. c4 c5 3. d5 b5 4. cxb5 a6 5. b6 e6 6. Nc3 Nxd5 7. Nxd5 exd5 8. Qxd5 Nc6 9. Nf3 Rb8 10. e4 Be7 11. Bc4 O-O 12. O-O Rxb6 13. b3 d6 14. Qh5 Be6 15. Ng5 Bxg5 16. Bxg5 Qd7 17. Rac1 Bxc4 18. Rxc4 Qe6 19. Bf4 Nd4 20. Re1 f6 21. Qd1 Re8 22. f3 Kf7 23. Bg3 a5 24. Ra4 Ra8 25. Bf2 Nc6 26. Rc4 Rb4 27. f4 Rxc4 28. f5 Qd7 29. Qd5+ Ke7 30. bxc4 Rb8 31. a3 a4 32. Rd1 Ne5 33. Bxc5 Nf7 34. Bb4 Rd8 35. c5 dxc5 36. Qxc5+ Nd6 37. Rxd6 1-0

[Event "Kragero Resort Chess A 2019"]
[Site "Kragero"]
[Date "2019.02.23"]
[Round "7.23"]
[White "Boe, Oeyvind"]
[Black "Rishovd, Svein"]
[Result "0-1"]
[ECO "E04"]
[WhiteElo "1908"]
[BlackElo "2116"]
[Annotator "NA"]
[PlyCount "74"]
[EventDate "2019.02.20"]
[EventType "swiss"]
[EventCountry "NOR"]
[SourceTitle "playchess.com"]
[Source "ChessBase"]
[SourceQuality "1"]
[TimeControl "5400+30"]

1. d4 e6 2. Nf3 d5 3. c4 Nf6 4. g3 dxc4 5. Bg2 Bb4+ 6. Bd2 a5 7. a3 Bxd2+ 8. Nbxd2 b5 9. a4 c6 10. O-O O-O 11. Ne5 Ra6 12. e3 Nd5 13. b3 cxb3 14. Qxb3 Nb4 15. Rfc1 Qb6 16. Ne4 Ra7 17. Nd6 Bd7 18. Qc3 Nd5 19. Qc5 Qxc5 20. Rxc5 f6 21. Nd3 Na6 22. Rcc1 b4 23. Nc5 Nc3 24. Rc2 Nxc5 25. dxc5 e5 26. h3 Be6 27. Bxc6 Rc7 28. Rxc3 bxc3 29. Bb5 Rxc5 30. Ne4 Rc7 31. Rc1 c2 32. h4 Rd8 33. Be2 Bb3 34. Kf1 Rd1+ 35. Bxd1 cxd1=Q+ 36. Rxd1 Bxd1 37. Ke1 Bxa4 0-1

[Event "Kragero Resort Chess A 2019"]
[Site "Kragero"]
[Date "2019.02.23"]
[Round "7.24"]
[White "Aarnes, Eirik"]
[Black "Birkisson, Bardur Orn"]
[Result "1-0"]
[ECO "C69"]
[WhiteElo "1843"]
[BlackElo "2233"]
[Annotator "NA"]
[PlyCount "103"]
[EventDate "2019.02.20"]
[EventType "swiss"]
[EventCountry "NOR"]
[SourceTitle "playchess.com"]
[Source "ChessBase"]
[SourceQuality "1"]
[TimeControl "5400+30"]

1. e4 e5 2. Nf3 Nc6 3. Bb5 a6 4. Bxc6 dxc6 5. O-O f6 6. d4 exd4 7. Nxd4 c5 8. Nb3 Qxd1 9. Rxd1 Bd7 10. Nc3 O-O-O 11. Be3 b6 12. a4 a5 13. Nd2 Ne7 14. Nc4 Re8 15. Nb5 Bxb5 16. axb5 Ng6 17. f3 Ne5 18. Nxe5 Rxe5 19. Bf4 Re6 20. Rd5 Bd6 21. Be3 g6 22. Bf2 h5 23. Rad1 Rhe8 24. Bg3 Bxg3 25. hxg3 Re5 26. c4 Rxd5 27. Rxd5 Re6 28. Kf2 c6 29. bxc6 Kc7 30. Rd7+ Kxc6 31. Rg7 g5 32. Ke3 Rd6 33. f4 b5 34. e5 Re6 35. cxb5+ Kxb5 36. Ke4 gxf4 37. gxf4 fxe5 38. Kd5 Rb6 39. fxe5 Ka4 40. e6 Rxb2 41. Kxc5 Re2 42. Kd6 Kb3 43. Rb7+ Ka3 44. e7 Rd2+ 45. Kc7 Re2 46. Kd8 a4 47. e8=Q Rxe8+ 48. Kxe8 Ka2 49. Kf7 a3 50. Kg6 h4 51. Kg5 Ka1 52. Ra7 1-0

[Event "Kragero Resort Chess A 2019"]
[Site "Kragero"]
[Date "2019.02.23"]
[Round "7.25"]
[White "Heimisson, Hilmir Freyr"]
[Black "Mkrtchyan, Anahit D."]
[Result "1-0"]
[ECO "D37"]
[WhiteElo "2394"]
[BlackElo "1841"]
[Annotator "NA"]
[PlyCount "117"]
[EventDate "2019.02.20"]
[EventType "swiss"]
[EventCountry "NOR"]
[SourceTitle "playchess.com"]
[Source "ChessBase"]
[SourceQuality "1"]
[TimeControl "5400+30"]

1. Nf3 Nf6 2. c4 e6 3. Nc3 d5 4. d4 Be7 5. Bf4 dxc4 6. e4 a6 7. a4 O-O 8. Bxc4 c5 9. O-O Qb6 10. a5 Qb4 11. Ra4 Qxb2 12. Qd3 b5 13. Rb1 Qxb1+ 14. Qxb1 bxa4 15. Bxb8 Bd7 16. Be5 cxd4 17. Bxd4 Rfb8 18. Qd1 Rb4 19. Ba2 Bb5 20. h3 Rc8 21. Ne1 Bc6 22. Nc2 Rb7 23. Qe2 Ra8 24. Bb6 Nd7 25. Nd4 Nxb6 26. Nxc6 Nc8 27. Nxa4 Bf8 28. e5 Ne7 29. Nxe7+ Bxe7 30. Nb6 Raa7 31. Bc4 Bb4 32. Bxa6 Rc7 33. Qb5 Bf8 34. Na4 Rd7 35. Nb6 Rdc7 36. Nc4 g6 37. Qb8 Kg7 38. Kh2 Bc5 39. Nd6 Re7 40. Nc8 Rxa6 41. Nxe7 Bxe7 42. Qb7 Rxa5 43. Qxe7 Rxe5 44. Kg3 h5 45. Qa7 Rg5+ 46. Kh2 Rf5 47. Qd4+ Kh7 48. f4 Rd5 49. Qb4 Rf5 50. g4 hxg4 51. hxg4 Rd5 52. Qf8 Rd7 53. Kg3 Rb7 54. Kh4 Rd7 55. Kg5 f5 56. Qh6+ Kg8 57. gxf5 exf5 58. Qxg6+ Kh8 59. Qe8+ 1-0

[Event "Kragero Resort Chess A 2019"]
[Site "Kragero"]
[Date "2019.02.23"]
[Round "7.26"]
[White "Khachatryan, Marieta"]
[Black "Kizatbay, Abyl"]
[Result "0-1"]
[ECO "B22"]
[WhiteElo "1779"]
[BlackElo "2084"]
[Annotator "NA"]
[PlyCount "112"]
[EventDate "2019.02.20"]
[EventType "swiss"]
[EventCountry "NOR"]
[SourceTitle "playchess.com"]
[Source "ChessBase"]
[SourceQuality "1"]
[TimeControl "5400+30"]

1. e4 c5 2. Nf3 Nc6 3. c3 Nf6 4. e5 Nd5 5. d4 cxd4 6. cxd4 d6 7. exd6 e6 8. Be2 Bxd6 9. O-O O-O 10. Nc3 Bd7 11. Nxd5 exd5 12. Qb3 Bg4 13. Be3 Na5 14. Qa4 Nc4 15. Bg5 Qc7 16. h3 Bd7 17. Qc2 h6 18. b3 Ne5 19. Qxc7 Nxf3+ 20. Bxf3 Bxc7 21. Be3 Be6 22. Rac1 Rac8 23. Rfd1 Rfd8 24. Kf1 Kf8 25. Rc2 Bd6 26. Rdc1 Rxc2 27. Rxc2 Ke7 28. Ke2 Kd7 29. Rc1 Ba3 30. Rc3 Bb4 31. Rc1 Bd6 32. g3 b5 33. g4 a5 34. Kd1 Ra8 35. Be2 Rb8 36. Rb1 f5 37. f3 fxg4 38. fxg4 Kc6 39. Bd2 Kb6 40. a4 Bd7 41. Kc2 Rf8 42. axb5 Rf2 43. Re1 Bxb5 44. Bxb5 Kxb5 45. Kd3 Rxd2+ 46. Kxd2 Bb4+ 47. Kd1 Bxe1 48. Kxe1 Kb4 49. Kd2 Kxb3 50. Kc1 Kc3 51. Kb1 Kxd4 52. Ka2 Kc3 53. Kb1 d4 54. Kc1 d3 55. Kd1 a4 56. Kc1 a3 0-1

[Event "Kragero Resort Chess A 2019"]
[Site "Kragero"]
[Date "2019.02.23"]
[Round "7.27"]
[White "Sebastian, Andreas"]
[Black "Tenold, Andreas"]
[Result "1/2-1/2"]
[ECO "D02"]
[WhiteElo "1962"]
[BlackElo "1822"]
[Annotator "NA"]
[PlyCount "76"]
[EventDate "2019.02.20"]
[EventType "swiss"]
[EventCountry "NOR"]
[SourceTitle "playchess.com"]
[Source "ChessBase"]
[SourceQuality "1"]
[TimeControl "5400+30"]

1. d4 Nf6 2. Bf4 e6 3. e3 c5 4. c3 Nc6 5. Nd2 d5 6. Ngf3 Bd6 7. Bg3 O-O 8. Bd3 b6 9. Qe2 Bb7 10. e4 dxe4 11. Nxe4 Be7 12. Nxf6+ Bxf6 13. dxc5 bxc5 14. O-O Qe7 15. Nd2 Rad8 16. Nc4 e5 17. Be4 Ba6 18. b3 Na5 19. Rfd1 Nxc4 20. bxc4 Rxd1+ 21. Rxd1 Rd8 22. Bd5 e4 23. Qc2 e3 24. Re1 exf2+ 25. Qxf2 Qf8 26. Qe3 Rc8 27. h4 h6 28. h5 Qd8 29. Bxf7+ Kh8 30. Qe6 Bxc3 31. Qxa6 Bxe1 32. Bxe1 Rb8 33. Qg6 Qd1 34. Qe6 Rf8 35. Qe7 Rxf7 36. Qe8+ Kh7 37. Qxf7 Qxe1+ 38. Kh2 Qh4+ 1/2-1/2

[Event "Kragero Resort Chess A 2019"]
[Site "Kragero"]
[Date "2019.02.23"]
[Round "7.28"]
[White "Krivenko, Dion"]
[Black "Schouten, Mathias Lind"]
[Result "1/2-1/2"]
[ECO "C00"]
[WhiteElo "1725"]
[BlackElo "1943"]
[Annotator "NA"]
[PlyCount "79"]
[EventDate "2019.02.20"]
[EventType "swiss"]
[EventCountry "NOR"]
[SourceTitle "playchess.com"]
[Source "ChessBase"]
[SourceQuality "1"]
[TimeControl "5400+30"]

1. e4 e6 2. d3 d5 3. Nd2 b6 4. Ngf3 Bb7 5. g3 Nf6 6. e5 Nfd7 7. Bg2 c5 8. O-O Nc6 9. Re1 Qc7 10. Qe2 Be7 11. Nf1 O-O 12. Bf4 Rfd8 13. h4 h6 14. h5 Nf8 15. N1h2 Rd7 16. Ng4 Qd8 17. Qd2 Nd4 18. Nxd4 cxd4 19. Nh2 b5 20. Nf3 Qb6 21. g4 Nh7 22. g5 hxg5 23. Nxg5 Rc8 24. Nxh7 Kxh7 25. h6 g6 26. Bg5 Qd8 27. f4 Rdc7 28. Rac1 b4 29. Bh3 Bc6 30. Qg2 Ba4 31. b3 Be8 32. Re2 Rc5 33. Bxe7 Qxe7 34. f5 exf5 35. Bxf5 Bd7 36. Bxd7 Qxd7 37. Qf3 Qe7 38. Qg4 R5c6 39. Qg2 Re6 40. Rf1 1/2-1/2

[Event "Kragero Resort Chess A 2019"]
[Site "Kragero"]
[Date "2019.02.23"]
[Round "7.29"]
[White "Stray, Gunnar"]
[Black "Mashinskaya, Iulia"]
[Result "1/2-1/2"]
[ECO "B49"]
[WhiteElo "1994"]
[BlackElo "2261"]
[Annotator "NA"]
[PlyCount "53"]
[EventDate "2019.02.20"]
[EventType "swiss"]
[EventCountry "NOR"]
[SourceTitle "playchess.com"]
[Source "ChessBase"]
[SourceQuality "1"]
[TimeControl "5400+30"]

1. e4 c5 2. Nf3 Nc6 3. d4 cxd4 4. Nxd4 Qc7 5. Nc3 e6 6. Be2 a6 7. O-O Nf6 8. Be3 Bb4 9. Na4 Be7 10. Nxc6 bxc6 11. Nb6 Rb8 12. Nxc8 Qxc8 13. Bd4 c5 14. Be5 Rb6 15. b3 Qc6 16. Bf3 d6 17. Bxf6 gxf6 18. e5 Qc7 19. exd6 Bxd6 20. h3 Be5 21. Rb1 Rd6 22. Qe2 Ke7 23. Rbd1 Rhd8 24. Rxd6 Qxd6 25. Rd1 Qxd1+ 26. Qxd1 Rxd1+ 27. Bxd1 1/2-1/2

[Event "Kragero Resort Chess A 2019"]
[Site "Kragero"]
[Date "2019.02.23"]
[Round "7.30"]
[White "Bergsson, Stefan"]
[Black "Gudmundsson, Bjorgvin S"]
[Result "1-0"]
[ECO "B12"]
[WhiteElo "2172"]
[BlackElo "1941"]
[Annotator "NA"]
[PlyCount "59"]
[EventDate "2019.02.20"]
[EventType "swiss"]
[EventCountry "NOR"]
[SourceTitle "playchess.com"]
[Source "ChessBase"]
[SourceQuality "1"]
[TimeControl "5400+30"]

1. e4 c6 2. Ne2 d5 3. e5 c5 4. c3 Nc6 5. d4 cxd4 6. cxd4 Bf5 7. Nbc3 e6 8. Ng3 Bg6 9. Be3 Qb6 10. Qd2 Nge7 11. Be2 h5 12. h4 Nf5 13. Nxf5 Bxf5 14. O-O Be7 15. g3 f6 16. exf6 gxf6 17. Qd1 Qxb2 18. Bxh5+ Kd7 19. Rc1 Rag8 20. Qf3 Bd6 21. Nxd5 Rf8 22. Bg4 Bxg4 23. Qxg4 Qxa2 24. Nc3 Qc4 25. Qg7+ Kc8 26. Ne4 Qd5 27. Nxf6 Rxf6 28. Qxf6 Rf8 29. Qh6 Qf5 30. d5 {[%emt 0:01:28] Nb8 [%emt 00:00:06]} 1-0

[Event "Kragero Resort Chess A 2019"]
[Site "Kragero"]
[Date "2019.02.23"]
[Round "7.31"]
[White "Saltvedt, Martin"]
[Black "Unneland, Mathias"]
[Result "1-0"]
[ECO "E61"]
[WhiteElo "2095"]
[BlackElo "1890"]
[Annotator "NA"]
[PlyCount "89"]
[EventDate "2019.02.20"]
[EventType "swiss"]
[EventCountry "NOR"]
[SourceTitle "playchess.com"]
[Source "ChessBase"]
[SourceQuality "1"]
[TimeControl "5400+30"]

1. d4 Nf6 2. Nf3 g6 3. c4 Bg7 4. e3 O-O 5. Nc3 d6 6. Be2 c6 7. O-O Nfd7 8. b3 e5 9. Ba3 Qa5 10. Qc1 c5 11. Nb5 Qb6 12. dxc5 dxc5 13. Bb2 f5 14. Qd2 e4 15. Qd5+ Kh8 16. Bxg7+ Kxg7 17. Ng5 Rf6 18. Rfd1 h6 19. Nh3 Rf8 20. Nf4 Nf6 21. Qe5 Nbd7 22. Qc3 Kh7 23. Rd6 Qd8 24. Ne6 Qe7 25. Nxf8+ Qxf8 26. Rad1 Qe7 27. Nc7 Rb8 28. Re6 Qf7 29. Rdd6 Ng8 30. Rxg6 Nf8 31. Rxg8 Kxg8 32. Rxh6 Qg7 33. Qxg7+ Kxg7 34. Rd6 Bd7 35. f3 Rc8 36. Nd5 Re8 37. Nf6 Re7 38. fxe4 Bc6 39. Kf2 fxe4 40. Nh5+ Kh7 41. Bg4 Rf7+ 42. Nf4 Nd7 43. Bh5 Rf8 44. Bg6+ Kg8 45. Bxe4 1-0

[Event "Kragero Resort Chess A 2019"]
[Site "Kragero"]
[Date "2019.02.24"]
[Round "8.25"]
[White "Boe, Oeyvind"]
[Black "Saltvedt, Martin"]
[Result "1-0"]
[ECO "A30"]
[WhiteElo "1908"]
[BlackElo "2095"]
[Annotator "NA RC"]
[PlyCount "119"]
[EventDate "2019.02.20"]
[EventType "swiss"]
[EventCountry "NOR"]
[SourceTitle "playchess.com"]
[Source "ChessBase"]
[SourceQuality "1"]
[TimeControl "5400+30"]

1. d4 Nf6 2. Nf3 b6 3. c4 Bb7 4. e3 e6 5. Be2 g6 6. O-O Bg7 7. b3 O-O 8. Bb2 c5 9. Ne5 $146 {[%emt 0:06:31] A30: Symmetrical English: Double Fianchetto and Hedgehog} ({Predecessor:} 9. Nc3 d6 10. dxc5 bxc5 11. Nb5 Ne8 12. Bxg7 Kxg7 13. Qc2 a6 14. Nc3 Nc6 15. Rad1 Qc7 16. Qb2 Kg8 17. Ng5 h6 {½-½ (79) Nakamura,H (2777)-Hou,Y (2658) chess.com INT 2018}) 9... d6 10. Bf3 Ne4 11. Nd3 Nd7 12. Nc3 f5 13. Nf4 Qe7 14. Bxe4 fxe4 15. d5 exd5 16. Ncxd5 Bxd5 17. Qxd5+ ({Don't do} 17. Nxd5 $6 Qd8 $16) 17... Qf7 18. Bxg7 Qxd5 19. Nxd5 Kxg7 20. Nc7 Rac8 21. Ne6+ Kf6 22. Nxf8 Nxf8 23. f3 Nd7 24. fxe4+ Ke6 25. Rf4 Re8 26. Kf2 $18 Nf6 27. Rd1 Re7 28. h4 Rd7 29. Ke2 Nh5 30. Rf3 Nf6 31. Kd3 Ng4 32. Rf4 h5 33. Rdf1 Ne5+ 34. Ke2 Re7 35. Rf6+ Kd7 36. Rd1 Re6 37. Rf8 Nc6 38. Rf4 Re7 39. Rf6 Re6 40. Rf7+ Re7 41. Rxe7+ Kxe7 42. Kf3 Ke6 43. Kf4 a5 44. Kg5 Ne7 45. a4 Ke5 46. Rd5+ Ke6 47. g3 Nxd5 48. exd5+ Kf7 49. g4 hxg4 50. Kxg4 Kg7 51. Kg5 Kf7 52. Kg4 Kg7 53. Kf4 Kf7 54. Kg5 Kg7 55. Kf4 Kf7 56. e4 Kf6 57. Kg4 Kg7 58. Kf4 Kf6 59. e5+ dxe5+ 60. Ke4 1-0

[Event "Kragero Resort Chess A 2019"]
[Site "Kragero"]
[Date "2019.02.24"]
[Round "8.26"]
[White "Tenold, Andreas"]
[Black "Birkisson, Bjorn Holm"]
[Result "1/2-1/2"]
[ECO "D31"]
[WhiteElo "1822"]
[BlackElo "2078"]
[Annotator "NA RC"]
[PlyCount "69"]
[EventDate "2019.02.20"]
[EventType "swiss"]
[EventCountry "NOR"]
[SourceTitle "playchess.com"]
[Source "ChessBase"]
[SourceQuality "1"]
[TimeControl "5400+30"]

1. d4 d5 2. c4 e6 3. Nc3 Be7 4. cxd5 exd5 5. Bf4 c6 6. e3 Bf5 7. g4 Bg6 8. h4 {[%emt 0:02:38] D31: Queen's Gambit Declined: Semi-Slav without ...Nf6 (+ Marshall Gambit and Noteboom) and Exchange Variation lines without ...Nf6} h6 9. h5 Bh7 10. Bd3 Bxd3 11. Qxd3 Nf6 {[%emt 0:02:24] LiveBook: 7 Games} 12. f3 Bd6 13. Nge2 {[%emt 0:06:22] [#]} a5 $146 ({Predecessor:} 13... Bxf4 $14 14. Nxf4 O-O (14... Qd6 15. O-O-O Nbd7 {1-0 (38) Vitiugov,N (2722)-Zhou,J (2668) Ningbo 2010})) 14. O-O-O Na6 15. Ng3 ({White should play} 15. g5 $16 hxg5 16. Bxg5) 15... Nh7 16. Bxd6 Qxd6 17. Nf5 Qf6 18. e4 O-O-O 19. exd5 Nb4 20. Qe2 cxd5 21. Qb5 g6 $18 (21... Qa6 {might work better.} 22. Qxa6 (22. Nxg7 Nxa2+ 23. Kd2 Qxb5 $16) (22. Qc5+ Kb8 $11) 22... Nxa6 23. Nxg7 Nc7) 22. hxg6 fxg6 23. Nh4 Nc6 24. Kb1 Qd6 25. f4 g5 26. fxg5 hxg5 27. Nf5 Qb4 28. Qxb4 axb4 29. Nb5 Nf6 30. Rhg1 Kb8 31. Rd2 Rdf8 32. Nbd6 Ne8 33. Nb5 Nf6 34. Nbd6 Ne8 35. Nb5 1/2-1/2

[Event "Kragero Resort Chess A 2019"]
[Site "Kragero"]
[Date "2019.02.24"]
[Round "8.27"]
[White "Holleland, Sigve"]
[Black "Krivenko, Dion"]
[Result "1-0"]
[ECO "B07"]
[WhiteElo "2009"]
[BlackElo "1725"]
[Annotator "NA RC"]
[PlyCount "29"]
[EventDate "2019.02.20"]
[EventType "swiss"]
[EventCountry "NOR"]
[SourceTitle "playchess.com"]
[Source "ChessBase"]
[SourceQuality "1"]
[TimeControl "5400+30"]

1. d4 Nf6 2. Bf4 g6 3. Nc3 Bg7 4. e4 d6 5. Qd2 O-O 6. O-O-O c6 {[%emt 0:06:21] LiveBook: 9 Games} 7. h4 b5 8. h5 b4 ({Don't play} 8... Nxh5 $6 9. Bh6 $16) 9. Nb1 Nxe4 10. Qe3 $15 Nf6 11. Bc4 d5 12. Be2 Nxh5 13. Bh6 Nd7 14. Bxh5 gxh5 15. Qg5 1-0

[Event "Kragero Resort Chess A 2019"]
[Site "Kragero"]
[Date "2019.02.24"]
[Round "8.28"]
[White "Skaslien, Ingrid"]
[Black "Sebastian, Andreas"]
[Result "1/2-1/2"]
[ECO "E38"]
[WhiteElo "1828"]
[BlackElo "1962"]
[Annotator "NA RC"]
[PlyCount "128"]
[EventDate "2019.02.20"]
[EventType "swiss"]
[EventCountry "NOR"]
[SourceTitle "playchess.com"]
[Source "ChessBase"]
[SourceQuality "1"]
[TimeControl "5400+30"]

1. d4 Nf6 2. c4 e6 3. Nc3 Bb4 4. Qc2 O-O 5. e3 c5 6. Nf3 b6 7. Bd3 Bb7 8. O-O cxd4 9. Nxd4 Nc6 10. Nxc6 Bxc6 11. a3 Bxc3 12. Qxc3 d5 13. b3 Rc8 $11 14. Qe5 dxc4 15. Bxc4 Nd7 16. Qg3 Qf6 17. Rb1 Be4 18. Bb2 Qg6 19. Qxg6 Bxg6 20. Rbc1 Nc5 21. Rfd1 Rfd8 22. Bd4 Bd3 23. Bxd3 Nxd3 24. Rxc8 Rxc8 25. Kf1 Nc1 26. b4 f6 27. e4 Rc7 28. Be3 Na2 29. Ke1 Nc3 30. Rc1 Nb5 31. Rxc7 Nxc7 32. Kd2 Kf7 33. a4 Ke7 34. a5 bxa5 35. bxa5 a6 36. Kd3 Kd7 37. Kc4 Kc6 38. f4 Nb5 39. Bc5 Nc3 40. Bf8 Nxe4 41. Bxg7 Nd6+ 42. Kb4 f5 43. Be5 Ne4 44. Kc4 Nd2+ 45. Kc3 Nf1 46. h3 Ne3 47. g3 Kd5 48. Kd3 Nc4 49. Bc3 h5 50. Bb4 Nb2+ 51. Kc3 Nd1+ 52. Kd2 Nf2 53. Ke2 Ne4 54. Kf3 Kc4 55. Be1 Nf6 56. Bf2 Kd3 57. Bb6 Ne4 58. g4 hxg4+ 59. hxg4 Nd2+ 60. Kg3 fxg4 61. Kxg4 Ke4 62. Kg5 Kd5 63. f5 Nf3+ 64. Kf4 exf5 {[%emt 0:00:40] Ke4+ [%emt 00:00:22] Ke5+} 1/2-1/2